Cogmind - Beta 11 X8 @@@ ROGUE MODE // 2021.11.27 @ 12:47:49 Player: biogoob Result: Self-destructed Performance ------------- Evolutions (1) 500 Regions Visited (3) 600 Robots Destroyed (0) 0 Value Destroyed (0) 0 Prototype IDs (1) 20 Alien Tech Used (0) 0 Bonus (200) 200 TOTAL SCORE: 1320 Bonus ------- Pacifist 200 Cogmind --------- Core Integrity 335/400 Matter 279/300 Energy 265/265 System Corruption 3% Temperature Cool (0) Movement Walking (190) Ox1 Location -9/Materials Parts ------- > --- POWER (1) -------- Improved Ion Engine > --- PROPULSION (2) --- Aluminum Leg > --- UTILITY (4) ------ Bomb Drone Bay (3/16) > --- WEAPON (2) ------- Shotgun > --- INVENTORY (5) ---- Ion Engine Light Treads Compact Wheel Assault Rifle Light Assault Rifle Peak State ------------ > --- POWER ------------ Improved Ion Engine > --- PROPULSION ------- Aluminum Leg > --- UTILITY ---------- Bomb Drone Bay > --- WEAPON ----------- Small Laser Shotgun > --- INVENTORY -------- Ion Engine Light Treads Compact Wheel Assault Rifle Light Assault Rifle [Rating: 20] Favorites ----------- Power Improved Ion Engine Engine Improved Ion Engine Propulsion Aluminum Leg Leg Aluminum Leg Utility Bomb Drone Bay Device Bomb Drone Bay Storage Small Storage Unit Weapon Small Laser Energy Gun Small Laser Ballistic Gun Shotgun Build | -11 -10 -10 -9 ------- Run | Scr Mat Min Mat Slots Evolved 2 | . . . 2 Power . | . . . . Propulsion . | . . . . Utility 2 | . . . 2 Weapon . | . . . . Parts Attached 3 | . 2 1 . Power 1 | . 1 . . Engine 1 | . 1 . . Core . | . . . . Reactor . | . . . . Propulsion . | . . . . Treads . | . . . . Leg . | . . . . Wheel . | . . . . Hover . | . . . . Flight . | . . . . Utility 1 | . . 1 . Device 1 | . . 1 . Storage . | . . . . Processor . | . . . . Hackware . | . . . . Protection . | . . . . Artifact . | . . . . Weapon 1 | . 1 . . Energy Gun . | . . . . Energy Cannon . | . . . . Ballistic Gun 1 | . 1 . . Ballistic Cannon . | . . . . Launcher . | . . . . Special Weapon . | . . . . Impact Weapon . | . . . . Slashing Weapon . | . . . . Piercing Weapon . | . . . . Special Melee Weapon . | . . . . Unidentified Prototypes 1 | . . 1 . Parts Lost 1 | . . . 1 Power . | . . . . Propulsion . | . . . . Utility . | . . . . Weapon 1 | . . . 1 Highest Loss Streak 1 | . . . 1 Average Slot Usage (%) 64 | . 80 71 53 Engine 12 | . 14 14 11 Leg 15 | . 23 14 11 Device 7 | . . 9 11 Storage 5 | . 14 4 . Energy Gun 11 | . 14 14 9 Ballistic Gun 12 | . 14 14 11 Naked Turns . | . . . . Heaviest Build 19 | 13 16 19 19 Greatest Support 20 | 20 20 10 10 Greatest Overweight (x) 1 | . 1 1 1 Average Overweight (x) . | . . 1 1 Largest Inventory Capacity 8 | . 8 8 5 Average Capacity 6 | . 8 6 5 Most Carried 8 | . 8 8 5 Average Carried 5 | . 6 6 5 Final Capacity 8 | 8 8 5 5 Final Carried 8 | 6 8 5 5 Class Distribution -------------------- 100% | Mutant Dominant Class ---------------- Mutant | -10/Materials Mutant | -10/Mines Mutant | -9/Materials Resources | -11 -10 -10 -9 ----------- Run | Scr Mat Min Mat Matter Collected 200 | 200 . . . Remotely . | . . . . Salvage Created . | . . . . Parts . | . . . . Haulers Intercepted . | . . . . Recyclers Shooed 1 | . . 1 . Parts Field Recycled . | . . . . Retrieved Matter . | . . . . Parts Self-Destructed . | . . . . Prevented . | . . . . Kills | -11 -10 -10 -9 ------- Run | Scr Mat Min Mat Combat Hostiles Destroyed . | . . . . Classes Destroyed . | . . . . Best Kill Streak . | . . . . Combat Bots Only . | . . . . Max Kills in Single Turn . | . . . . Gunslinging . | . . . . Exploded . | . . . . Melee . | . . . . Uniques/NPCs Destroyed . | . . . . Combat | -11 -10 -10 -9 -------- Run | Scr Mat Min Mat Damage Taken 377 | . 168 . 209 Core 107 | . 42 . 65 Absorbed by Shields . | . . . . Core Remaining (%) 91 | 100 . 83 . Volleys Fired 1 | . 1 . . Largest 1 | . 1 . . Hottest 40 | . 40 . . Shots Fired 1 | . 1 . . Gun 1 | . 1 . . Cannon . | . . . . Launcher . | . . . . Special . | . . . . Kinetic . | . . . . Thermal 1 | . 1 . . Explosive . | . . . . Electromagnetic . | . . . . Robot Hit Streak 1 | . 1 . . Robot Miss Streak . | . . . . Penetration Max . | . . . . Secondary Targets . | . . . . Shots Hit Robots 1 | . 1 . . Core Hits 1 | . . 1 . Critical Kills . | . . . . Critical Parts Destroyed . | . . . . Critical Strikes . | . . . . Melee Attacks . | . . . . Impact . | . . . . Slashing . | . . . . Piercing . | . . . . Sneak Attacks . | . . . . Combat Hostiles . | . . . . Follow-up Attacks . | . . . . Damage Inflicted 11 | . 10 1 . Guns 10 | . 10 . . Cannons . | . . . . Explosions . | . . . . Melee . | . . . . Ramming 1 | . . 1 . Kinetic . | . . . . Thermal 10 | . 10 . . Explosive . | . . . . Electromagnetic . | . . . . Impact . | . . . . Slashing . | . . . . Piercing . | . . . . Highest Corruption 3 | . . . 3 Average Corruption 3 | . . . 3 Corruption Purged . | . . . . Overload Shots . | . . . . Overflow Damage . | . . . . Projectiles . | . . . . Explosions . | . . . . Melee . | . . . . Knockbacks . | . . . . Impact . | . . . . Kinetic . | . . . . Secondary . | . . . . Self-Inflicted Damage . | . . . . Shots . | . . . . Rammed . | . . . . Targets Rammed 1 | . . 1 . Kicked 1 | . . 1 . Crushed . | . . . . Highest Temperature 8 | . 8 . . Average Temperature 4 | . 4 . . Received Heat Transfer 66 | . 66 . . Siege Activations . | . . . . Robots Corrupted . | . . . . Combat Hostiles . | . . . . Parts Fried . | . . . . Impact Corruptions . | . . . . Robots Melted . | . . . . Combat Hostiles . | . . . . Parts Melted . | . . . . Heat Transferred 25 | . 25 . . Parts Sabotaged . | . . . . Parts Stolen . | . . . . Parts Stripped . | . . . . Power Chain Reactions . | . . . . Missiles Intercepted . | . . . . Alert | -11 -10 -10 -9 ------- Run | Scr Mat Min Mat Peak Influence 15 | . 15 5 15 Initial 5 | . . 5 1 Average 2 | . 3 5 1 Maximum Alert Level . | . . . . Low Security (%) 100 | . 100 100 100 Level 1 . | . . . . Level 2 . | . . . . Level 3 . | . . . . Level 4 . | . . . . Level 5 . | . . . . High Security . | . . . . Max Security . | . . . . Squads Dispatched 2 | . 1 . 1 Investigation 2 | . 1 . 1 Extermination . | . . . . Reinforcement . | . . . . Assault . | . . . . Garrison . | . . . . Intercept . | . . . . Construction Impeded . | . . . . Haulers Reinforced . | . . . . Active Scanning Responses . | . . . . Cargo Convoy Interrupts . | . . . . Stealth | -11 -10 -10 -9 --------- Run | Scr Mat Min Mat Distress Signals . | . . . . Communications Jammed . | . . . . Distress Signals . | . . . . Times Spotted 11 | . 7 . 4 Peak Tracking Total 6 | . 6 . 3 Tactical Retreats . | . . . . Traps | -11 -10 -10 -9 ------- Run | Scr Mat Min Mat Traps Triggered 2 | . 1 . 1 Indirectly . | . . . . Trap Hack Attempts . | . . . . Triggered . | . . . . Disarmed . | . . . . Reprogrammed . | . . . . Reused . | . . . . Traps Extracted . | . . . . Installed . | . . . . Triggered . | . . . . Machines | -11 -10 -10 -9 ---------- Run | Scr Mat Min Mat Machines Disabled . | . . . . Max in Single Turn . | . . . . Machines Sabotaged . | . . . . Garrisons Compromised . | . . . . Overloaded Fab Kills . | . . . . Hacking | -11 -10 -10 -9 --------- Run | Scr Mat Min Mat Machines Accessed 2 | . 1 1 . Terminals 1 | . 1 . . Fabricators . | . . . . Repair Stations . | . . . . Recycling Units . | . . . . Scanalyzers . | . . . . Garrison Access . | . . . . Total Hacks 3 | . 2 1 . Successful 2 | . 1 1 . Failed 1 | . 1 . . Catastrophic . | . . . . Database Lockouts . | . . . . Manual . | . . . . Terminals 2 | . 2 . . Fabricators . | . . . . Repair Stations . | . . . . Recycling Units . | . . . . Scanalyzers . | . . . . Garrison Access . | . . . . Terminal Hacks 2 | . 1 1 . Open Door 1 | . . 1 . Alert Level 1 | . 1 . . Fabricator Hacks . | . . . . Repair Station Hacks . | . . . . Recycling Unit Hacks . | . . . . Scanalyzer . | . . . . Garrison Access Hacks . | . . . . Unauthorized Hacks . | . . . . Terminals . | . . . . Fabricators . | . . . . Repair Stations . | . . . . Recycling Units . | . . . . Scanalyzers . | . . . . Garrison Access . | . . . . Data Cores Recovered . | . . . . Used . | . . . . Hacking Detections 1 | . 1 . . Full Trace Events . | . . . . Feedback Events . | . . . . Feedback Blocked . | . . . . Robot Schematics Acquired . | . . . . Robots Built . | . . . . Authchips . | . . . . Time . | . . . . Total Robot Build Rating . | . . . . Part Schematics Acquired . | . . . . Parts Built . | . . . . Authchips . | . . . . Time . | . . . . Total Part Build Rating . | . . . . Parts Repaired . | . . . . Time . | . . . . Parts Recycled . | . . . . Recycled Matter . | . . . . Retrieved Matter . | . . . . Retrieved Components . | . . . . Parts Scanalyzed . | . . . . Part Schematics Acquired . | . . . . Parts Damaged . | . . . . Bothacking | -11 -10 -10 -9 ------------ Run | Scr Mat Min Mat Used RIF Installer . | . . . . Robots Hacked . | . . . . Non-combat . | . . . . Combat . | . . . . Robot Hacks Applied . | . . . . Relay Couplers Released . | . . . . Fabnet Peak Effective % . | . . . . Robots Rewired . | . . . . Allies Hacked . | . . . . Hacks Repelled . | . . . . Allies | -11 -10 -10 -9 -------- Run | Scr Mat Min Mat Total Allies . | . . . . Largest Group . | . . . . Highest-Rated Group . | . . . . Highest-Rated Ally . | . . . . Total Orders . | . . . . Ally Attacks 11 | . . . 11 Total Damage . | . . . . Kills . | . . . . Allies Corrupted . | . . . . Allies Melted . | . . . . Intel | -11 -10 -10 -9 ------- Run | Scr Mat Min Mat Robot Analysis Total . | . . . . Derelict Logs Recovered . | . . . . Drone Launches 16 | . . 16 . Drone Recoveries 3 | . . . 3 Exploration | -11 -10 -10 -9 ------------- Run | Scr Mat Min Mat Turns Passed 462 | . 139 96 227 Spaces Moved 267 | 1 98 49 119 Core . | . . . . Treads . | . . . . Legs 267 | 1 98 49 119 Wheels . | . . . . Hover . | . . . . Flight . | . . . . Fastest Speed 120 | 120 120 190 190 Average Speed 170 | 120 137 190 190 Slowest Speed 190 | 120 190 190 190 Overloaded Moves . | . . . . Propulsion Burnouts . | . . . . Robots Hopped . | . . . . Cave-ins Triggered 1 | . . . 1 Exploration Rate (%) 17 | 2 29 10 29 Regions Visited 3 Branch Regions 1 Pre-discovered Areas . | . . . . Known Exits Taken . | . . . . Unknown Exits Taken 3 | 1 1 1 . Scrap Searched . | . . . . Spaces Dug . | . . . . Terrain Destroyed . | . . . . Melee . | . . . . Projectile . | . . . . AOE . | . . . . Terrain Rammed . | . . . . Walls Destroyed . | . . . . Machines Disabled . | . . . . Actions | -11 -10 -10 -9 --------- Run | Scr Mat Min Mat Total 273 | . 103 51 119 Wait . | . . . . Move 264 | . 97 48 119 Hop . | . . . . Pick Up 1 | . 1 . . Fast Attach 1 | . . 1 . Attach . | . . . . Detach . | . . . . Swap 2 | . 2 . . Drop 3 | . 2 1 . Fire 1 | . 1 . . Melee . | . . . . Ram . | . . . . Kick 1 | . . 1 . Crush . | . . . . Escape Stasis . | . . . . Rewire . | . . . . Trap . | . . . . Miscellaneous . | . . . . Route ------- -11/Scrapyard -10/Materials (discovered 2 exits: *Min x2) -10/Mines -9/Materials History --------- Turn | Location | Event 1 | -11/Scrapyard | Discovered new exit (range 0) 1 | -11/Scrapyard | Entered Materials 91 | -10/Materials | Discovered new exit (range 11) 111 | -10/Materials | Discovered new exit (range 16) 140 | -10/Materials | Entered Mines 162 | -10/Mines | Found the Drone Emporium 175 | -10/Mines | Found Prototype Device 175 | -10/Mines | Identified Bomb Drone Bay 206 | -10/Mines | Discovered new exit (range 13) 236 | -10/Mines | Entered Materials 236 | -9/Materials | Accompanied by 16 allies 236 | -9/Materials | Evolved 2 slots: Utility x2 310 | -9/Materials | Build established: Mutant 429 | -9/Materials | Crushed by falling debris 463 | -9/Materials | Self-destructed Last Messages --------------- 00434_ Bomb Drone detonates. 00434_ Bomb Drone destroyed. 00434_ K-01 Serf collects debris. 00440_ R-06 Scavenger collects Aluminum Leg. 00441_ K-01 Serf collects debris. 00444_ The unstable cave ceiling collapses. 00444_ R-06 Scavenger collects Aluminum Leg. 00445_ The unstable cave ceiling collapses. 00445_ K-01 Serf collects debris. 00449_ The unstable cave ceiling collapses. 00449_ K-01 Serf collects debris. 00451_ The unstable cave ceiling collapses. 00452_ K-01 Serf collects debris. 00455_ The unstable cave ceiling collapses. 00455_ K-01 Serf collects debris. 00456_ The unstable cave ceiling collapses. 00459_ K-01 Serf collects debris. 00460_ The unstable cave ceiling collapses. 00461_ K-01 Serf collects debris. 00462_ The unstable cave ceiling collapses. Map ----- +----------------------------------------------------+ | ???????????????????????# #?????????????????????? | | ??????????????????????? ?????????????????????? | | ???????????????????????# #?????????????????????? | | ???????????????????????# #?????????????????????? | | ??????????????????????## ##????????????????????? | | ????????????########+## % #????????????????????? | | ?????????? #????????????????????? | | ?????????? T +????????????????????? | | ?????????? #????????????????????? | | ???????????##### ###### * #????????????????????? | | ?????????????????####### ########??????????????? | | ?????????????????? # # #??????????????? | | ?????????????????? # + #??????????????? | | ?????????????#???? """ + # #??????????????? | | ?????????????# "" """ # * " #??????????????? | | ?????????????# """ t= R" #??????????????? | | ?????????????# """ # " !#??????????????? | | ?????????????# / " # *# ####??????????????? | | ?????????????# # ##????????????????? | | ??????????????####### #????????????????? | | ???????????????????#! # #????????????????? | | ???????????????????#! # #????????????????? | | ??????????????????##!! # #####+#??????????? | | ??????????????????# !! w ???????? | | ????????????????####]] #####/#??????????? | | ??###???????????# ]] @ # #????????????????? | | ??# ?????#???## # w ##????????????????? | | ??# """"? #?? """ # ####???? ""?????????? | | ??# """"" ## """ ### ""?????????? | | ??# """"" ## """ # [ =w+ ???????? | | ??# ## # #########??????????? | | ??# ] ## # #?????????????????? | | ??# "Y" ## # #?????????????????? | | ??? """ ## ] ##?????????????????? | | ????? ??####### ! # #??????##??????????? | | ????###+###???######### #??? ##?????????? | | ????# ##### ## =! ## ????????? | | ????# # !* ????????? | | ????# # ????????? | | ????# # # ???### | | ????# ##### # # | | ????### ###???## # #[ | | ??????# #??????# ## # # | | ??????# #??????# # == # #????###### | | ??????# ???????# # *= # #?????????? | | ??????# ???????# ## *= ] # #?????????? | | ??????# ???????# ## ##########?????????? | | ??????# ???????# ############??????????????????? | | ?????##+######## #? #???????????????????? | | ?????# # #? #???????????????????? | +----------------------------------------------------+ Best States ------------- Heat Dissipation 28 Energy Generation 12 Energy Capacity 265 Matter Stores 300 Matter Capacity 300 Sight Range 16 Terrain Scan Density 10 Evasion (%) 55 Item Schematics ----------------- None Robot Schematics ------------------ None Fabricated ------------ Nothing Alien Tech Used ----------------- None Achievements -------------- None Challenges ------------ None Game ------ Seed LatentRagnarokCharge Manual? 0 Play Time 00:05:13 Cumulative 77.3 hours Start 2021.11.27 @ 01:26:59 End 2021.11.27 @ 12:47:49 Sessions 5 Manual Loads 0 Difficulty Rogue Special Mode None Game No. 87 Rogue 66 Adventurer 17 Explorer 4 Win Type - Total 1 Types 0/0/1/0/0/0/0/0/0 Lore% 47 Gallery% 48 Achievement% 44 Wizard Run 0 Options --------- ASCII 1 Keyboard 1 Movement Vi Keybinds 0 Fullscreen 0 Font 14/SmallcapsGlow Map View 72x54 Tactical HUD 1 Map Filters SATURATION(80) Filters SATURATION(80) Steam 1 RUN: fa1337e9-18b7-4b67-b6e0-217ed17871aa